 Dungeon Crawl Stone Soup version 0.26-a0-450-ge645bd1 (webtiles) character file.

Game seed: 18067669183829422952

2842 Crimsoncloak the Blocker (level 9, -1/74 HPs)
             Began as a Gnoll Fighter on July 27, 2020.
             Was an Initiate of Qazlal.
             Slain by an ogre
             ... wielding a +0 giant club
              (6 damage)
             ... on level 6 of the Dungeon.
             The game lasted 00:14:59 (8161 turns).

Crimsoncloak the Blocker (Gnoll Fighter)            Turns: 8161, Time: 00:15:00

Health: -1/74      AC: 10    Str: 21    XL:     9   Next: 74%
Magic:  15/15      EV: 13    Int: 11    God:    Qazlal [......]
Gold:   324        SH: 12    Dex: 19    Spells: 17/17 levels left

rFire    . . .     SeeInvis .   r - +0 whip (freeze)
rCold    . . .     Faith    .   c - +0 kite shield
rNeg     . . .     Spirit   .   x - +5 leather armour of the Valley of Death {MR+ Dex+4 Stlth-}
rPois    .         Reflect  .   m - +0 helmet
rElec    .         Harm     .   (no cloak)
rCorr    .                      (no gloves)
MR       +....                  (no boots)
Stlth    ++........             (no amulet)
HPRegen  0.22/turn              (no ring)
MPRegen  0.14/turn              (no ring)

@: no status effects
A: distributed training, fangs 1, strong nose
a: Renounce Religion


You were on level 6 of the Dungeon.
You worshipped Qazlal.
Qazlal was noncommittal.
You visited 2 branches of the dungeon, and saw 7 of its levels.
You also visited: Sewer.

You collected 324 gold pieces.

Inventory:

Hand Weapons
 r - a +0 whip of freezing (weapon)
 C - a +0 hand crossbow
Missiles
 q - 12 poisoned darts (quivered)
Armour
 c - a +0 kite shield (worn)
 m - a +0 helmet (worn)
 x - the +5 leather armour of the Valley of Death (worn) {MR+ Dex+4 Stlth-}
   (You found it on level 4 of the Dungeon)

   It affects your dexterity (+4).
   It affects your resistance to hostile enchantments.
   It makes you less stealthy.
Jewellery
 i - an uncursed amulet of magic regeneration {unknown}
 t - a cursed ring of attention {unknown}
 u - an uncursed ring of protection from magic {unknown}
Wands
 v - a wand of flame (12)
Scrolls
 f - 2 scrolls of teleportation
 g - a scroll of enchant armour {unknown}
 j - 3 scrolls of remove curse
 l - 2 scrolls of magic mapping {unknown}
 n - a scroll of enchant weapon {unknown}
 o - a scroll of immolation {unknown}
 w - 2 scrolls of fear {unknown}
 y - 2 scrolls of fog {unknown}
 B - a scroll of noise {unknown}
Potions
 a - a potion of mutation {unknown}
 b - a potion of stabbing {unknown}
 d - 3 potions of curing
 e - 4 potions of heal wounds
 h - 3 potions of flight
 k - a potion of cancellation
 p - 3 potions of haste {unknown}
 s - a potion of lignification {unknown}
 z - 2 potions of magic {unknown}
 A - a potion of might


   Skills:
 + Level 8.0 Fighting
 + Level 4.5 Short Blades
 + Level 4.5 Long Blades
 + Level 4.5 Axes
 + Level 6.5 Maces & Flails
 + Level 4.5 Polearms
 + Level 4.5 Staves
 + Level 4.5 Slings
 + Level 4.5 Bows
 + Level 4.5 Crossbows
 + Level 4.5 Throwing
 + Level 8.0 Armour
 + Level 4.5 Dodging
 + Level 4.5 Stealth
 + Level 8.0 Shields
 + Level 4.5 Unarmed Combat
 + Level 4.5 Spellcasting
 + Level 3.7 Conjurations
 + Level 3.7 Hexes
 + Level 3.7 Summonings
 + Level 3.7 Necromancy
 + Level 3.7 Translocations
 + Level 3.7 Transmutations
 + Level 3.7 Fire Magic
 + Level 3.7 Ice Magic
 + Level 3.7 Air Magic
 + Level 3.7 Earth Magic
 + Level 3.7 Poison Magic
 + Level 5.0 Invocations
 + Level 4.5 Evocations


You had 17 spell levels left.
You didn't know any spells.
Your spell library was empty.

Dungeon Overview and Level Annotations

Branches:
Dungeon (6/15)             Temple (1/1) D:5           Sewer (visited)

Altars:
Ashenzari
Cheibriados
Dithmenos
Elyvilon
Fedhas
Gozag
Hepliaklqana
Kikubaaqudgha
Nemelex Xobeh
Qazlal
Ru
Sif Muna
Trog
Uskayaw
Vehumet
Wu Jian
Xom
Yredelemnul
Zin
The Shining One


Innate Abilities, Weirdness & Mutations

Your experience applies equally to all skills.
You have very sharp teeth.
Your uncanny sense of smell can sniff out nearby items.


Message History

You bite the white imp, but do no damage.
The white imp is severely wounded.
The white imp gestures at you. The puff of frost hits you.
* * * LOW HITPOINT WARNING * * *
You hit the white imp.
The white imp is almost dead.
You hit the white imp.
You kill the white imp!
Qazlal accepts your kill.
You hit the ogre. You freeze the ogre.
The ogre is lightly wounded.
The ogre hits you with a +0 giant club!
* * * LOW HITPOINT WARNING * * *
You barely miss the ogre. You bite the ogre.
The ogre is moderately wounded.
You hit the ogre. You freeze the ogre. You bite the ogre, but do no damage.
The ogre is heavily wounded.
The ogre hits you with a +0 giant club.
You die...

∆#.###.#†###.#....#
....#.O...#...#### ######
.........5................#
...............####..#.##.#
#..........c.........#.##..
.###+#######H#.............
##..####.##.##.#
#######.####.##.##.#
#..@O).......(.....#
#.#####.####.##.#### #.#
#.# #...#.# #.# #.###.#.#.#
#.# #.#...#...# #.#
#...#####.# #.#
###...#...#### ..#
###.#....... #....#####


You could see an ogre.

Vanquished Creatures
  Pikel (D:4)
  Grinder (D:3)
  A hippogriff (D:6)
  A wyvern (D:6)
  Eustachio (D:4)
  Duvessa (D:5)
  2 sky beasts
  A necrophage (D:6)
  An ogre (D:5)
  2 centaurs
  2 bullfrogs (D:6)
  Blork the orc (D:5)
  Dowan (D:5)
  3 wights
  4 orc priests
  2 orc wizards
  A bullfrog skeleton (D:5)
  An iguana (D:6)
  Jessica (D:2)
  Ijyb (D:4)
  Terence (D:3)
  Natasha (thrice) (D:4)
  3 worker ants (D:6)
  2 hound skeletons
  Robin (D:2)
  8 adders
  2 white imps
  An ooze (D:2)
  5 worms
  2 dart slugs
  4 leopard geckos
  18 orcs
  5 ball pythons (Sewer)
  4 giant cockroaches
  13 goblins
  9 hobgoblins
  13 jackals
  10 kobolds
  5 quokkas
  5 bats
  11 frilled lizards
  A jackal zombie (D:5)
  A quokka skeleton (D:4)
  8 rats
  2 plants (Sewer)
166 creatures vanquished.

Notes
Turn   | Place    | Note
-------+----------+-------------------------------------------
     0 | D:1      | Crimsoncloak the Gnoll Fighter began the quest for the Orb.
     0 | D:1      | Reached XP level 1. HP: 23/23 MP: 1/1
    86 | D:1      | Reached XP level 2. HP: 22/29 MP: 2/2
   518 | D:1      | Reached XP level 3. HP: 35/35 MP: 3/3
   973 | D:2      | Reached skill level 1 in Invocations
  1001 | D:2      | Noticed Jessica
  1013 | D:2      | Killed Jessica
  1013 | D:2      | Reached skill level 1 in Short Blades
  1013 | D:2      | Reached skill level 1 in Long Blades
  1013 | D:2      | Reached skill level 1 in Axes
  1013 | D:2      | Reached skill level 1 in Polearms
  1013 | D:2      | Reached skill level 1 in Staves
  1013 | D:2      | Reached skill level 1 in Slings
  1013 | D:2      | Reached skill level 1 in Bows
  1013 | D:2      | Reached skill level 1 in Crossbows
  1013 | D:2      | Reached skill level 1 in Throwing
  1013 | D:2      | Reached skill level 1 in Dodging
  1013 | D:2      | Reached skill level 1 in Stealth
  1013 | D:2      | Reached skill level 1 in Unarmed Combat
  1013 | D:2      | Reached skill level 1 in Spellcasting
  1013 | D:2      | Reached skill level 1 in Evocations
  1013 | D:2      | Reached XP level 4. HP: 22/41 MP: 5/5
  1288 | D:2      | Reached skill level 1 in Conjurations
  1288 | D:2      | Reached skill level 1 in Hexes
  1288 | D:2      | Reached skill level 1 in Summonings
  1288 | D:2      | Reached skill level 1 in Necromancy
  1288 | D:2      | Reached skill level 1 in Translocations
  1288 | D:2      | Reached skill level 1 in Transmutations
  1288 | D:2      | Reached skill level 1 in Fire Magic
  1288 | D:2      | Reached skill level 1 in Ice Magic
  1288 | D:2      | Reached skill level 1 in Air Magic
  1288 | D:2      | Reached skill level 1 in Earth Magic
  1288 | D:2      | Reached skill level 1 in Poison Magic
  1579 | D:2      | Noticed Robin
  1590 | D:2      | Killed Robin
  1590 | D:2      | Reached XP level 5. HP: 45/47 MP: 5/7
  2201 | D:3      | Noticed Terence
  2243 | D:3      | Killed Terence
  2371 | D:3      | Reached XP level 6. HP: 35/53 MP: 8/8
  2796 | D:3      | Found a shimmering blue altar of Sif Muna.
  2797 | D:3      | Found a glowing golden altar of the Shining One.
  2798 | D:3      | Found a basalt altar of Yredelemnul.
  2883 | D:3      | Noticed Grinder
  2884 | D:3      | Paralysed by Grinder for 5 turns
  2898 | D:3      | Killed Grinder
  2898 | D:3      | Reached skill level 5 in Maces & Flails
  2898 | D:3      | Reached XP level 7. HP: 20/59 MP: 8/10
  3608 | D:3      | Found a blossoming altar of Fedhas.
  3882 | D:4      | Noticed Natasha
  3887 | D:4      | Noticed Pikel
  3891 | D:4      | Killed Natasha
  3924 | D:4      | Killed Pikel
  3924 | D:4      | Reached XP level 8. HP: 24/67 MP: 10/12
  4344 | D:4      | Noticed Eustachio
  4373 | D:4      | Killed Eustachio
  4424 | D:4      | Noticed Natasha
  4435 | D:4      | Killed Natasha
  4917 | D:4      | Noticed Natasha
  4928 | D:4      | Killed Natasha
  5040 | D:4      | Noticed Ijyb
  5078 | D:4      | Killed Ijyb
  5191 | D:4      | Found a glowing silver altar of Zin.
  5573 | D:4      | Got a heavily runed leather armour
  5584 | D:4      | Identified the +5 leather armour of the Valley of Death
                  | {MR+ Dex+4 Stlth-} (You found it on level 4 of the Dungeon)
  5653 | D:5      | Entered Level 5 of the Dungeon
  5694 | D:5      | Noticed Blork the orc
  5719 | D:5      | Killed Blork the orc
  5721 | D:5      | Found a blossoming altar of Fedhas.
  5744 | D:5      | Found a glowing drain.
  5762 | Sewer    | Entered a sewer
  6573 | D:5      | Reached XP level 9. HP: 72/72 MP: 14/14
  6939 | D:5      | Noticed Duvessa
  6939 | D:5      | Noticed Dowan
  6958 | D:5      | Killed Duvessa
  6974 | D:5      | Killed Dowan
  7062 | D:5      | Found a staircase to the Ecumenical Temple.
  7079 | Temple   | Entered the Ecumenical Temple
  7285 | Temple   | Became a worshipper of Qazlal Stormbringer
  8144 | D:6      | Reached skill level 5 in Invocations
  8161 | D:6      | Slain by an ogre

Illustrated notes

Levels and vault maps discovered:
D:1:      lemuel_arrival_room, layout_basic, minmay_misc_feat_plants,
          minmay_door_square, minmay_split_cup_small
D:2:      layout_loops_ring, uniq_jessica, uniq_robin
D:3:      layout_basic, nicolae_overflow_crystal_walls,
          chequers_temple_overflow_statue_of_worship,
          minmay_misc_feat_more_columns, uniq_terence, uniq_grinder
D:4:      layout_basic, zin_statuary, uniq_eustachio, uniq_ijyb, uniq_pikel,
          uniq_natasha
D:5:      layout_loops_ring, minmay_temple_entry_grid, basic_altar,
          cheibrodos_sewer_entry_drain, uniq_duvessa, uniq_blork_the_orc
D:6:      hangedman_cross_stitches, layout_loops_ring,
          okawaru_altar_gauntlet_db, biasface_ghost_orc_armoury, uniq_edmund
Temple:   regret_index_temple_generic_petals

Skill      XL: |  1  2  3  4  5  6  7  8  9 |
---------------+----------------------------+-----
Invocations    | 1 2 3 4 5 |  5.0
Short Blades   | 1 2 3 4 |  4.5
Long Blades    | 1 2 3 4 |  4.5
Axes           | 1 2 3 4 |  4.5
Polearms       | 1 2 3 4 |  4.5
Staves         | 1 2 3 4 |  4.5
Slings         | 1 2 3 4 |  4.5
Bows           | 1 2 3 4 |  4.5
Crossbows      | 1 2 3 4 |  4.5
Throwing       | 1 2 3 4 |  4.5
Dodging        | 1 2 3 4 |  4.5
Stealth        | 1 2 3 4 |  4.5
Unarmed Combat | 1 2 3 4 |  4.5
Spellcasting   | 1 2 3 4 |  4.5
Evocations     | 1 2 3 4 |  4.5
Conjurations   | 1 2 3 |  3.7
Hexes          | 1 2 3 |  3.7
Summonings     | 1 2 3 |  3.7
Necromancy     | 1 2 3 |  3.7
Translocations | 1 2 3 |  3.7
Transmutations | 1 2 3 |  3.7
Fire Magic     | 1 2 3 |  3.7
Ice Magic      | 1 2 3 |  3.7
Air Magic      | 1 2 3 |  3.7
Earth Magic    | 1 2 3 |  3.7
Poison Magic   | 1 2 3 |  3.7
Maces & Flails | 5 6 |  6.5
Fighting       | 7 8 |  8.0
Armour         | 7 8 |  8.0
Shields        | 7 8 |  8.0

Action                   |  1- 3 |  4- 6 |  7- 9 || total
-------------------------+-------+-------+-------++-------
Melee: Flail             |    74 |   175 |    38 ||   287
       Bite              |     7 |    17 |   124 ||   148
       Whip              |       |       |   636 ||   636
  Use: Potion            |       |     1 |     1 ||     2
       Scroll            |       |       |     5 ||     5
 Stab: Sleeping          |       |       |     2 ||     2
Armor: Scale mail        |    20 |    61 |     4 ||    85
       Chain mail        |       |       |    89 ||    89
       Leather armour    |       |       |    62 ||    62
Dodge: Dodged            |    24 |    67 |   161 ||   252
Block: Kite shield       |    34 |   139 |   306 ||   479

Table legend: (Time is in decaauts)
 A = Elapsed time spent in this place.
 B = Non-inter-level travel time spent in this place.
 C = Inter-level travel time spent in this place.
 D = Time resting spent in this place.
 E = Time spent auto-exploring this place.
 F = Levels seen in this place.
 G = Mean time per level.
                   A        B        C        D        E       F      G
               +--------+--------+--------+--------+--------+-----+--------+
         Total |   8357 |   8022 |    335 |   1738 |   4287 |   8 | 1044.6 |
       Dungeon |   7142 |   6856 |    286 |   1677 |   3703 |   6 | 1190.3 |
        Temple |    237 |    188 |     49 |      0 |    186 |   1 |  237.0 |
         Sewer |    977 |    977 |      0 |     61 |    398 |   1 |  977.0 |
               +--------+--------+--------+--------+--------+-----+--------+

Top non-repeatable levels by time:
     D:3: 1848 daAuts
     D:4: 1666 daAuts
     D:2: 1205 daAuts
     D:5: 1124 daAuts
     D:1: 982 daAuts
   Sewer: 977 daAuts
     D:6: 314 daAuts
  Temple: 237 daAuts
